 Dungeon Crawl Stone Soup version 0.27-a0-668-gb5737ff2c0 (webtiles) character file.

Game seed: 4958725583790431358

53 theanonym the Cudgeller (level 3, -8/33 HPs)
             Began as a Palentonga Delver on Mar 17, 2021.
             Killed by divine providence
             ... invoked by an orc priest
              (13 damage)
             ... on level 3 of the Dungeon.
             The game lasted 00:01:32 (566 turns).

theanonym the Cudgeller (Palentonga Delver)          Turns: 566, Time: 00:01:33

Health: -8/33      AC:  4    Str: 16    XL:     3   Next: 64%
Magic:  3/3        EV:  9    Int: 10    God:
Gold:   3          SH:  0    Dex: 11    Spells: 2/2 levels left

rFire    . . .     SeeInvis +   a - +0 mace
rCold    . . .     Faith    .   (no shield)
rNeg     . . .     Spirit   .   b - +0 leather armour
rPois    .         Reflect  .   (no helmet)
rElec    .         Harm     .   h - scarf {repulsion}
rCorr    .         Rampage  .   (no gloves)
Will     .....                  (no barding)
Stlth    ++........             (no amulet)
HPRegen  0.11/turn              (no ring)
MPRegen  0.08/turn              (no ring)

@: hasted, repel missiles, very quick
A: large, rugged brown scales 3, see invisible, deformed body, roll 1, armoured
tail
a: Rolling Charge


Innate Abilities, Weirdness & Mutations

You are completely covered in rugged brown scales. (AC +3, +7% HP)
You have supernaturally acute eyesight. (SInv)
Armour fits poorly on your strangely shaped body.
You can roll at nearby foes to attack.
You have a long armoured tail.


   Skills:
 - Level 3.0 Fighting
 + Level 4.1 Maces & Flails
 - Level 1.5 Dodging
 - Level 3.3 Stealth


You had 2 spell levels left.
You didn't know any spells.
Your spell library contained the following spells:

 Spells                   Type           Power      Damage    Failure   Level
 Beastly Appendage        Tmut           0%         N/A       43%         1
 Wereblood                Tmut           0%         N/A       56%         2
 Spider Form              Tmut/Pois      0%         N/A       80%         3
 Ice Form                 Ice/Tmut       0%         N/A       99%         4
 Blade Hands              Tmut           0%         N/A       100%        5

Skill      XL: |  1  2  3 |
---------------+----------+-----
Maces & Flails | 3 4 |  4.1
Fighting       | |  3.0
Dodging        | |  1.5
Stealth        | |  3.3

Action                   || total
-------------------------++-------
Melee: Mace              ||    38
       Tailslap          ||     4
  Use: Potion            ||     2
       Scroll            ||     1
 Stab: Sleeping          ||     1
Armor: Skin              ||    10
       Leather armour    ||    11
Dodge: Dodged            ||    18

Inventory:

Hand Weapons
 a - a +0 mace (weapon)
Armour
 b - a +0 leather armour (worn)
 h - a scarf of repulsion (worn)
Wands
 d - a wand of digging (6)
Scrolls
 e - a scroll of fear
 f - a scroll of fog
 y - a scroll of magic mapping
Potions
 g - a potion of brilliance


You were on level 3 of the Dungeon.
You visited 1 branch of the dungeon, and saw 3 of its levels.

You collected 3 gold pieces.

Dungeon Overview and Level Annotations

Branches:
Dungeon (5/15)
 Temple: D:4-7

Altars:

.......#.....#
###.#....#####
#.####.....o...#
#......####..#.....
#.###o## #####.....
#..##.# .....
#..#.# .....
####..o#### ....
#.....@g..# ...
#.....o...#
#.........#
#.........#
###########


You could see an orc priest, 2 orcs and a goblin.

Notes
Turn   | Place    | Note
-------+----------+-------------------------------------------
     0 | D:5      | theanonym the Palentonga Delver began the quest for the
                  | Orb.
     0 | D:5      | Reached XP level 1. HP: 20/20 MP: 1/1
     8 | D:4      | Noticed an ogre
    79 | D:4      | Noticed a worker ant
    92 | D:4      | Killed a worker ant
    93 | D:4      | Reached skill level 3 in Maces & Flails
    93 | D:4      | Reached XP level 2. HP: 27/27 MP: 2/2
   242 | D:3      | Reached XP level 3. HP: 27/33 MP: 3/3
   355 | D:3      | Noticed Ijyb
   379 | D:3      | Killed Ijyb
   380 | D:3      | Reached skill level 4 in Maces & Flails
   564 | D:3      | HP: 12/33 [orc priest/divine providence (11)]
   565 | D:3      | HP: 4/33 [orc/+0 war axe (8)]
   566 | D:3      | Killed from afar by an orc priest

Vanquished Creatures
  Ijyb (D:3)
  A worker ant (D:4)
  An adder skeleton (D:4)
  A goblin (D:3)
  A quokka (D:3)
5 creatures vanquished.

Table legend: (Time is in decaauts)
 A = Elapsed time spent in this place.
 B = Non-inter-level travel time spent in this place.
 C = Inter-level travel time spent in this place.
 D = Time resting spent in this place.
 E = Time spent auto-exploring this place.
 F = Levels seen in this place.
 G = Mean time per level.
                   A        B        C        D        E       F      G
               +--------+--------+--------+--------+--------+-----+--------+
         Total |    575 |    565 |     10 |    303 |     81 |   3 |  191.7 |
       Dungeon |    575 |    565 |     10 |    303 |     81 |   3 |  191.7 |
               +--------+--------+--------+--------+--------+-----+--------+

Top non-repeatable levels by time:
     D:3: 337 daAuts
     D:4: 230 daAuts
     D:5: 8 daAuts
